 Dungeon Crawl Stone Soup version 0.27-a0-1036-g8e1b44f6bd (webtiles) character file.

Game seed: 18437142583242425004

98 siradein the Slasher (level 4, -1/35 (39) HPs)
             Began as a Hill Orc Fighter on Apr 18, 2021.
             Slain by an ogre
             ... wielding a +0 giant club
              (9 damage)
             ... on level 4 of the Dungeon.
             The game lasted 00:03:28 (3328 turns).

siradein the Slasher (Hill Orc Fighter)             Turns: 3328, Time: 00:03:29

HP:   -1/35 (39)    AC:  9    Str: 18    XL:     4   Next: 71%
MP:   4/4           EV:  4    Int:  8    God:
Gold: 87            SH:  9    Dex: 11    Spells: 3/3 levels left

rFire    . . .     SeeInvis .   k - +1 short sword (flame)
rCold    . . .     Faith    .   c - +0 kite shield
rNeg     . . .     Spirit   .   l - +0 chain mail
rPois    .         Reflect  .   (no helmet)
rElec    .         Harm     .   (no cloak)
rCorr    .         Rampage  .   (no gloves)
Will     .....                  (no boots)
Stlth    ..........             (no amulet)
HPRegen  0.11/turn              (no ring)
MPRegen  0.09/turn              (no ring)

@: heavily drained
A: no striking features
a: no special abilities


You were on level 4 of the Dungeon.
You visited 1 branch of the dungeon, and saw 4 of its levels.

You collected 87 gold pieces.

Inventory:

Hand Weapons
 a - a +0 long sword
 k - a +1 short sword of flaming (weapon)
Armour
 c - a +0 kite shield (worn)
 l - a +0 chain mail (worn)
Scrolls
 b - 2 scrolls of identify {unknown}
 h - 2 scrolls of teleportation {unknown}
 i - a scroll of immolation {unknown}
Potions
 d - 2 potions of might
 e - a potion of resistance {unknown}
 f - a potion of haste {unknown}
 g - 2 potions of attraction {unknown}
 j - a potion of heal wounds {unknown}


   Skills:
 - Level 3.6 Fighting
 + Level 5.2 Long Blades
 - Level 3.2 Armour
 - Level 3.2 Shields


You had 3 spell levels left.
You didn't know any spells.
Your spell library contained the following spells:

 Spells                   Type           Power      Damage    Failure   Level
 Beastly Appendage        Tmut           0%         N/A       100%        1
 Wereblood                Tmut           0%         N/A       100%        2
 Confusing Touch          Hex            0%         N/A       100%        3
 Gell's Gravitas          Tloc           0%         N/A       100%        3
 Spider Form              Tmut/Pois      0%         N/A       100%        3
 Ice Form                 Ice/Tmut       0%         N/A       100%        4
 Petrify                  Tmut/Erth      0%         N/A       100%        4
 Hydra Form               Tmut           0%         N/A       100%        5
 Metabolic Englaciation   Hex/Ice        0%         N/A       100%        5
 Yara's Violent Unravell  Hex/Tmut       0%         3d3       100%        5


Dungeon Overview and Level Annotations

Branches:
Dungeon (4/15)
 Temple: D:4-7

Altars:

Annotations:
D:3 Grinder


Message History

You block Grinder's attack.
Your chain mail prevents you from hitting Grinder.
Grinder is lightly wounded.
Grinder gestures at you. Pain shoots through your body!
You closely miss Grinder.
Grinder is lightly wounded.
Grinder hits you but does no damage. Grinder gestures at you.
Pain shoots through your body! You block the rat's attack.
You closely miss the rat.
Grinder blinks!
The rat bites you but does no damage.
You hit the rat. You burn the rat.
You kill the rat!
There is a stone staircase leading down here.
You climb downwards.
There is a stone staircase leading up here.
HP restored.
There is a stone staircase leading up here.
g - 2 bubbling blue potions (gained 1)
b - 2 scrolls labelled HONUEB HOAGHE (gained 1)
Found a stone staircase leading down.
No target in view!
An ogre comes into view. It is wielding a +0 giant club.
The ogre shouts!
An ogre is nearby!
You barely miss the ogre. You block the ogre's attack.
You puncture the ogre! You burn the ogre.
The ogre is moderately wounded.
The ogre hits you with a +0 giant club!
You hit the ogre. You burn the ogre.
The ogre is severely wounded.
The ogre hits you with a +0 giant club!!
Ouch! That really hurt!
* * * LOW HITPOINT WARNING * * *
There is a stone staircase leading up here.
You hit the ogre. You burn the ogre.
The ogre is severely wounded.
The ogre hits you with a +0 giant club!
You die...

######### #....@O.#
##.#####.#### ##..# #....####
######
#..#########..<.###.....
#.##...# ####.....##..
###.##...# #####.....
#........# ####.##..
......#.##...## ##....##..
.######.##....#######..#######


You could see an ogre.

Vanquished Creatures
  Terence (D:3)
  2 adders (D:2)
  A worm (D:2)
  A dart slug (D:2)
  4 bats
  5 endoplasms
  A giant cockroach (D:1)
  3 goblins
  6 hobgoblins
  3 jackals
  A quokka (D:3)
  4 ball pythons
  3 frilled lizards
  8 kobolds
  5 rats
48 creatures vanquished.

Notes
Turn   | Place    | Note
-------+----------+-------------------------------------------
     0 | D:1      | siradein the Hill Orc Fighter began the quest for the Orb.
     0 | D:1      | Reached XP level 1. HP: 19/19 MP: 1/1
   111 | D:1      | Reached skill level 3 in Long Blades
   111 | D:1      | Reached XP level 2. HP: 15/26 MP: 2/2
   759 | D:1      | Found a faded altar of an unknown god.
  1243 | D:2      | Reached XP level 3. HP: 19/31 MP: 3/3
  1245 | D:2      | Reached skill level 4 in Long Blades
  2427 | D:2      | Reached XP level 4. HP: 39/39 MP: 4/4
  2949 | D:3      | Noticed Terence
  2964 | D:3      | Killed Terence
  2965 | D:3      | Reached skill level 5 in Long Blades
  3180 | D:3      | Noticed Grinder
  3304 | D:4      | Noticed an ogre
  3328 | D:4      | Slain by an ogre

Illustrated notes

Levels and vault maps discovered:
D:1:      lemuel_arrival_behind_the_door_small, layout_basic,
          shapermc_ecumenical_altar_notcrosses, minmay_hexomino_f4
D:2:      layout_basic
D:3:      layout_basic, lemuel_tele_altar, uniq_jessica, uniq_grinder,
          uniq_terence
D:4:      layout_rooms, minitemple, nicolae_qazlal_general_emergency

Skill      XL: |  1  2  3  4 |
---------------+-------------+-----
Long Blades    | 3 4 5 |  5.2
Fighting       | |  3.6
Armour         | |  3.2
Shields        | |  3.2

Action                   |  1- 3 |  4- 6 || total
-------------------------+-------+-------++-------
Melee: Long sword        |    72 |       ||    72
       Short sword       |    34 |    70 ||   104
Armor: Scale mail        |    26 |       ||    26
       Chain mail        |    13 |    29 ||    42
Dodge: Dodged            |    25 |     8 ||    33
Block: Kite shield       |    54 |    26 ||    80
       Rpst.: Long sword |     9 |       ||     9

Table legend: (Time is in decaauts)
 A = Elapsed time spent in this place.
 B = Non-inter-level travel time spent in this place.
 C = Inter-level travel time spent in this place.
 D = Time resting spent in this place.
 E = Time spent auto-exploring this place.
 F = Levels seen in this place.
 G = Mean time per level.
                   A        B        C        D        E       F      G
               +--------+--------+--------+--------+--------+-----+--------+
         Total |   3384 |   3326 |     58 |      0 |   2884 |   4 |  846.0 |
       Dungeon |   3384 |   3326 |     58 |      0 |   2884 |   4 |  846.0 |
               +--------+--------+--------+--------+--------+-----+--------+

Top non-repeatable levels by time:
     D:2: 1670 daAuts
     D:1: 1162 daAuts
     D:3: 415 daAuts
     D:4: 137 daAuts
